[Event "Titled Tuesday Blitz July 18 Early 2023"]
[White "Goryachkina, Aleksandra"]
[Black "Sreyas Payyappat"]
[WhiteFideId "4147103"]
[BlackFideId "46674969"]
[WhiteElo "2642"]
[BlackElo "2523"]
[Result "1-0"]
[Round "11"]
[TimeControl "180+2"]
[Date "2023.07.18"]
[WhiteClock "0:00:18"]
[BlackClock "0:00:26"]
[Board "57"]

1. e4 c6 2. d4 d5 3. exd5 cxd5 4. Bd3 Nc6 5. c3 Qc7 6. h3 e5 7. dxe5 Nxe5 8. Bb5+ Bd7 9. Bxd7+ Qxd7 10. Nf3 Nxf3+ 11. Qxf3 O-O-O 12. O-O Bc5 13. Be3 Bxe3 14. Qxe3 b6 15. a4 Nf6 16. a5 Kb7 17. axb6 axb6 18. Nd2 Rhe8 19. Qd3 d4 20. Qa6+ Kc7 21. cxd4 Nd5 22. Rfc1+ Kd6 23. Nc4+ Ke7 24. Qa3+ Kf6 25. Ne5 Qf5 26. Rc6+ Re6 27. Rac1 Nf4 28. Qf3 Rxd4 29. Ng4+ Kg6 30. Ne3 Qg5 31. Rxe6+ Nxe6 32. Rc6 Rb4 33. Qe2 Qb5 34. Qc2+ Kf6 35. Qc3+ Ke7 36. Qxb4+ Qxb4 37. Nd5+ Kd7 38. Nxb4 1-0


[Site "https://www.chess.com"]

[Event "Titled Tuesday Blitz July 18 Early 2023"]
[White "Bilan, Danila"]
[Black "Ovchinnikov, Vsevolod"]
[WhiteFideId "24161918"]
[BlackFideId "24176842"]
[WhiteElo "2529"]
[BlackElo "2641"]
[Result "1-0"]
[Round "11"]
[TimeControl "180+2"]
[Date "2023.07.18"]
[WhiteClock "0:00:07"]
[BlackClock "0:00:06"]
[Board "58"]

1. d4 Nf6 2. Nf3 g6 3. Bg5 Bg7 4. c3 d6 5. Nbd2 h6 6. Bh4 g5 7. Bg3 Nh5 8. e4 Nd7 9. Bc4 e6 10. Qc2 a6 11. a4 b6 12. Nf1 Bb7 13. Ne3 Qe7 14. e5 Nxg3 15. exd6 Qxd6 16. hxg3 c5 17. O-O cxd4 18. cxd4 O-O 19. d5 exd5 20. Rad1 Nf6 21. Bd3 Rfc8 22. Qd2 Re8 23. Nf5 Qd7 24. Nxg5 Ne4 25. Bxe4 Rxe4 26. Nxe4 Qxf5 27. Nd6 Qd7 28. Nxb7 Qxb7 29. Qxd5 Qb8 30. Rfe1 Qf8 31. b3 Rc8 32. Rc1 Rd8 33. Qb7 Bd4 34. Qxa6 Qd6 35. Qe2 Kg7 36. Qg4+ Kf8 37. Rc8 Qf6 38. Rxd8+ Qxd8 39. Rd1 Bxf2+ 40. Kxf2 1-0


[Site "https://www.chess.com"]

[Event "Titled Tuesday Blitz July 18 Early 2023"]
[White "Estrada Nieto, Julian"]
[Black "Schwabeneder, Florian"]
[WhiteFideId "5101018"]
[BlackFideId "1626191"]
[WhiteElo "2516"]
[BlackElo "2622"]
[Result "0-1"]
[Round "11"]
[TimeControl "180+2"]
[Date "2023.07.18"]
[WhiteClock "0:00:06"]
[BlackClock "0:00:20"]
[Board "59"]

1. e4 a6 2. d4 c6 3. Nf3 d5 4. Nc3 Bg4 5. h3 Bh5 6. Bd3 e6 7. g4 Bg6 8. Ne5 Nf6 9. Nxg6 hxg6 10. g5 Nxe4 11. Nxe4 dxe4 12. Bxe4 Qb6 13. c3 Nd7 14. Qb3 Qc7 15. Be3 Bd6 16. O-O-O O-O-O 17. Kb1 Rh4 18. Bg2 Bf4 19. c4 Bxe3 20. Qxe3 Qf4 21. Rhe1 Qxe3 22. Rxe3 Nb6 23. c5 Nd5 24. Bxd5 Rxd5 25. Rf3 Rf5 26. Rxf5 gxf5 27. Rd3 Rf4 28. g6 f6 29. Re3 Kd7 30. Rb3 Kc7 31. Re3 Rxd4 32. Rxe6 Kd7 33. Re3 f4 34. Rb3 Kc7 35. h4 Rd5 36. Rb4 Rxc5 37. Rxf4 Kd6 38. Rd4+ Ke6 39. Rd8 Rd5 40. Rg8 Rd7 41. h5 Kf5 42. Kc2 Kg5 43. Rh8 c5 44. a4 b5 45. a5 c4 46. Kc3 Rd3+ 47. Kb4 Rb3+ 48. Kc5 Rxb2 49. h6 Kxg6 50. hxg7 Kxg7 51. Ra8 c3 52. Ra7+ Kg6 53. Kb6 c2 54. Rc7 b4 55. Kxa6 b3 56. Kb7 Rb1 57. a6 c1=Q 58. Rxc1 Rxc1 59. a7 Ra1 60. a8=Q Rxa8 61. Kxa8 b2 0-1


[Site "https://www.chess.com"]

[Event "Titled Tuesday Blitz July 18 Early 2023"]
[White "Santos Flores, Alberto"]
[Black "Vaibhav Jayant Raut"]
[WhiteFideId "3601234"]
[BlackFideId "5089034"]
[WhiteElo "2522"]
[BlackElo "2607"]
[Result "1-0"]
[Round "11"]
[TimeControl "180+2"]
[Date "2023.07.18"]
[WhiteClock "0:01:55"]
[BlackClock "0:01:30"]
[Board "60"]

1. e4 c6 2. c4 d5 3. exd5 cxd5 4. cxd5 Nf6 5. Qa4+ Nbd7 6. Nc3 g6 7. Bc4 Bg7 8. Nf3 O-O 9. d3 Nb6 10. Qb3 Nxc4 11. dxc4 e6 12. O-O exd5 13. cxd5 Bg4 14. Ne5 Bf5 15. Qxb7 Kh8 16. Nxf7+ Rxf7 17. Qxf7 Qd6 18. h3 Rf8 19. Qxa7 Nxd5 20. Rd1 Be6 21. Be3 Qc6 22. Nxd5 Bxd5 23. Qc5 Bxg2 24. Qxc6 Bxc6 25. Bd4 1-0


[Site "https://www.chess.com"]

[Event "Titled Tuesday Blitz July 18 Early 2023"]
[White "Ahmad, Khagan"]
[Black "ElenGajger"]
[WhiteFideId "13431552"]
[WhiteElo "2606"]
[BlackElo "2511"]
[Result "1-0"]
[Round "11"]
[TimeControl "180+2"]
[Date "2023.07.18"]
[WhiteClock "0:00:13"]
[BlackClock "0:00:17"]
[Board "61"]

1. Nf3 Nf6 2. c4 g6 3. g3 Bg7 4. Nc3 O-O 5. Bg2 d5 6. cxd5 Nxd5 7. O-O Nc6 8. d4 Nxc3 9. bxc3 Re8 10. Rb1 Rb8 11. e4 b6 12. Bf4 Na5 13. Ne5 Bb7 14. Qa4 Rc8 15. Rfd1 e6 16. Nc4 Bc6 17. Qb4 Bf8 18. Nxa5 Bxb4 19. Nxc6 Qd7 20. Nxb4 Qa4 21. d5 exd5 22. Nxd5 Red8 23. Rd4 Qxa2 24. Rbd1 Kg7 25. Be5+ Kf8 26. Bf4 Kg7 27. R4d2 Qa3 28. Bh3 Rb8 29. Be5+ Kf8 30. Bxc7 Rbc8 31. Bxd8 Rxd8 32. Bf1 Kg7 33. Bc4 h5 34. h4 Qc5 35. Rd4 b5 36. Ba2 a5 37. e5 b4 38. cxb4 axb4 39. e6 fxe6 40. Nc7 Rxd4 41. Nxe6+ Kf6 42. Nxd4 Qc3 43. Bb3 Kg7 44. Kg2 Kf6 45. Bd5 Kg7 46. Ne6+ Kf6 47. Nf4 b3 48. Rd3 Qc5 49. Bxb3 Qa5 50. Rd6+ Kg7 51. Rxg6+ Kh7 52. Rg5 Qa8+ 53. Bd5 Qa1 54. Be4+ Kh8 55. Rxh5+ Kg7 56. Rg5+ Kh8 57. Rd5 Kg7 58. Bf3 Kh8 59. h5 Kg7 60. Rd7+ Kf8 61. h6 Ke8 62. Rb7 Kf8 63. h7 Qc3 64. Ng6+ Ke8 65. h8=Q+ Qxh8 66. Nxh8 1-0


[Site "https://www.chess.com"]

[Event "Titled Tuesday Blitz July 18 Early 2023"]
[White "Kashlinskaya, Alina"]
[Black "Chernyavsky, Alexander"]
[WhiteFideId "4198026"]
[BlackFideId "24131156"]
[WhiteElo "2598"]
[BlackElo "2483"]
[Result "0-1"]
[Round "11"]
[TimeControl "180+2"]
[Date "2023.07.18"]
[WhiteClock "0:02:51"]
[BlackClock "0:03:02"]
[Board "62"]

1. e4 e6 2. d4 d5 3. Nc3 Bb4 4. e5 c5 5. a3 Bxc3+ 6. bxc3 Ne7 7. Qg4 cxd4 8. Qxg7 Rg8 9. Qxh7 Qc7 10. f4 Qxc3+ 0-1


[Site "https://www.chess.com"]

[Event "Titled Tuesday Blitz July 18 Early 2023"]
[White "Sadykov, Ramil"]
[Black "Chitlange Sakshi"]
[WhiteFideId "24113590"]
[BlackFideId "35002899"]
[WhiteElo "2587"]
[BlackElo "2475"]
[Result "0-1"]
[Round "11"]
[TimeControl "180+2"]
[Date "2023.07.18"]
[WhiteClock "0:00:01"]
[BlackClock "0:01:13"]
[Board "63"]

1. e4 c6 2. d4 d5 3. Nc3 dxe4 4. Nxe4 Nf6 5. Nxf6+ exf6 6. c3 Bd6 7. Bd3 O-O 8. Qc2 Re8+ 9. Ne2 h5 10. Be3 Nd7 11. O-O-O Nf8 12. h3 Be6 13. Kb1 b5 14. g4 h4 15. Rhg1 Qd7 16. Nf4 Bxf4 17. Bxf4 a5 18. c4 Kh8 19. d5 cxd5 20. cxb5 Rac8 21. Qa4 d4 22. Qxa5 Ra8 23. Qb4 Bxa2+ 24. Kc1 Rac8+ 25. Kd2 Ne6 26. Qd6 Qb7 27. g5 Qf3 28. gxf6 Qxf2+ 29. Be2 Nxf4 30. fxg7+ Kg8 31. Rg2 Rxe2# 0-1


[Site "https://www.chess.com"]

[Event "Titled Tuesday Blitz July 18 Early 2023"]
[White "Ambartsumova, Karina"]
[Black "Karthik, Advaith"]
[WhiteFideId "4166299"]
[BlackFideId "30946050"]
[WhiteElo "2579"]
[BlackElo "2454"]
[Result "0-1"]
[Round "11"]
[TimeControl "180+2"]
[Date "2023.07.18"]
[WhiteClock "0:00:01"]
[BlackClock "0:00:28"]
[Board "64"]

1. Nf3 Nf6 2. e3 e6 3. c4 c5 4. Nc3 Nc6 5. Be2 Be7 6. b3 b6 7. Bb2 Bb7 8. O-O O-O 9. a3 d5 10. cxd5 Nxd5 11. Qc2 Bf6 12. Rac1 Rc8 13. Qb1 g6 14. Ne4 Bg7 15. Bxg7 Kxg7 16. Qb2+ Nf6 17. Rfd1 e5 18. Ng3 Qe7 19. d3 Rfd8 20. Rb1 a5 21. Bf1 Kg8 22. Rbc1 Ba6 23. h3 e4 24. dxe4 Bxf1 25. Nxf1 Nxe4 26. Qc2 Nf6 27. Qc4 Ne5 28. Nxe5 Qxe5 29. Qb5 Qe6 30. Ng3 h5 31. Ne2 Ne4 32. Nf4 Qf6 33. Qc4 Nd6 34. Qe2 Nf5 35. Nd5 Qe6 36. Qc4 b5 37. Qxb5 Rxd5 38. Rxd5 Qxd5 39. Qxa5 Qxb3 40. Rxc5 Qd1+ 41. Kh2 Qd6+ 42. Re5 f6 43. Qd5+ Kg7 44. Qxd6 Nxd6 45. Re7+ Nf7 46. Ra7 Rc2 47. Kg3 g5 48. h4 Kg6 49. hxg5 Nxg5 50. f3 h4+ 51. Kxh4 Rxg2 52. f4 Ne4 53. Re7 Kf5 54. a4 Rh2# 0-1


[Site "https://www.chess.com"]

[Event "Titled Tuesday Blitz July 18 Early 2023"]
[White "Vlassov, Nikolai"]
[Black "Herzog2012"]
[WhiteFideId "4103360"]
[WhiteElo "2577"]
[BlackElo "2454"]
[Result "0-1"]
[Round "11"]
[TimeControl "180+2"]
[Date "2023.07.18"]
[WhiteClock "0:00:07"]
[BlackClock "0:00:05"]
[Board "65"]

1. e4 c5 2. c3 Nf6 3. e5 Nd5 4. d4 cxd4 5. cxd4 d6 6. Bc4 Nb6 7. Bb3 dxe5 8. Qh5 e6 9. dxe5 Nc6 10. Nc3 Nd4 11. Nf3 Nxb3 12. axb3 Qd3 13. Bg5 Bb4 14. Rd1 Bxc3+ 15. bxc3 Qxc3+ 16. Kf1 Bd7 17. h4 Qxb3 18. Re1 Bc6 19. Rh3 Qc4+ 20. Kg1 h6 21. Nd2 Qd5 22. Rg3 g6 23. Qg4 hxg5 24. Qxg5 Qd8 25. Qe3 Nd5 26. Qa3 Qe7 27. Qa1 Rxh4 28. Ne4 Kf8 29. Nd6 Kg7 30. f3 Rah8 31. Kf2 Rh2 32. Qxa7 Qh4 33. Ne4 Nf4 34. Ke3 Bxe4 35. Kxe4 Qxg3 36. Re3 Nxg2 37. Qxb7 Qf4+ 38. Kd3 Qxe3+ 39. Kc4 Qf4+ 40. Kb5 Qxe5+ 41. Ka6 Ne3 42. f4 Ra2+ 43. Kb6 Nc4+ 44. Kc6 Qd5+ 45. Kc7 Qd6# 0-1


[Site "https://www.chess.com"]

[Event "Titled Tuesday Blitz July 18 Early 2023"]
[White "favesaul"]
[Black "Vovk, Orest"]
[BlackFideId "14113490"]
[WhiteElo "2451"]
[BlackElo "2574"]
[Result "1/2-1/2"]
[Round "11"]
[TimeControl "180+2"]
[Date "2023.07.18"]
[WhiteClock "0:00:05"]
[BlackClock "0:00:06"]
[Board "66"]

1. e4 g5 2. d4 g4 3. Qxg4 d5 4. Qe2 dxe4 5. Qxe4 Nf6 6. Qh4 Nc6 7. Nf3 Rg8 8. h3 Bf5 9. c3 Qd5 10. Be3 Bxb1 11. Rxb1 Qxa2 12. Bd3 Rxg2 13. Bf4 Qd5 14. Ke2 Ne4 15. Bxe4 Qxe4+ 16. Be3 Qf5 17. Nd2 O-O-O 18. b4 e5 19. d5 Be7 20. Qc4 Bg5 21. Qe4 Qxe4 22. Nxe4 Bxe3 23. dxc6 Bb6 24. cxb7+ Kxb7 25. Rhd1 Rxd1 26. Rxd1 f5 27. Nc5+ Bxc5 28. bxc5 Kc6 29. Kf3 Rg8 30. Ra1 Kxc5 31. Rxa7 Kd6 32. Ra6+ c6 33. Ra7 Rb8 34. Rxh7 Rb3 35. Rf7 Rxc3+ 36. Kg2 Ke6 37. Rf8 e4 38. h4 Rc5 39. h5 Ke7 40. Rg8 f4 41. h6 Rh5 42. Rg6 Kd7 43. Kf1 f3 44. Ke1 c5 45. Kd2 c4 46. Rg4 Rxh6 47. Rxe4 Rd6+ 48. Kc2 Rc6 49. Rf4 Kd6 50. Rxf3 Kc5 51. Re3 Kb4 52. f4 Rh6 53. Re2 Rh3 54. Rf2 Ra3 55. Kb2 c3+ 56. Kb1 Kb3 57. Re2 Ra4 58. Re7 Rxf4 59. Rb7+ Kc4 60. Rc7+ Kd3 61. Rd7+ Ke3 62. Kc2 Rc4 63. Rd8 Ke2 64. Rd7 Rc8 65. Rd6 Kf3 66. Rd3+ Ke4 67. Rxc3 Rd8 68. Rb3 Rc8+ 69. Rc3 Rh8 70. Kb3 Kd4 71. Rc4+ Kd5 72. Rc3 Rb8+ 73. Kc2 Kd4 74. Rd3+ Ke4 75. Rc3 Rb7 76. Rc4+ Ke3 77. Rc3+ Ke2 78. Rc5 Re7 79. Kc3 Re4 80. Rc4 Rxc4+ 81. Kxc4 1/2-1/2


[Site "https://www.chess.com"]

[Event "Titled Tuesday Blitz July 18 Early 2023"]
[White "Todorovic, Bojan"]
[Black "Garv Gaur"]
[WhiteFideId "917087"]
[BlackFideId "45030839"]
[WhiteElo "2446"]
[BlackElo "2565"]
[Result "0-1"]
[Round "11"]
[TimeControl "180+2"]
[Date "2023.07.18"]
[WhiteClock "0:00:00"]
[BlackClock "0:00:21"]
[Board "67"]

1. d4 Nf6 2. c4 e6 3. Nf3 b6 4. g3 Ba6 5. b3 Bb4+ 6. Bd2 Be7 7. Bg2 c6 8. Bc3 d5 9. Nbd2 O-O 10. O-O c5 11. dxc5 bxc5 12. Qc2 Nc6 13. Ne5 Qc7 14. Nxc6 Qxc6 15. e4 Qc7 16. exd5 exd5 17. Bxf6 Bxf6 18. Bxd5 Bxa1 19. Bxa8 Bd4 20. Bd5 Bb7 21. Nf3 Bf6 22. Bxb7 Qxb7 23. Qf5 Qc6 24. Rd1 g6 25. Qd5 Qb6 26. Ng5 Kg7 27. h4 h6 28. Ne4 Rd8 29. Nd6 Qc7 30. Kg2 Be7 31. Qxf7+ Kh8 32. Ne8 Qc6+ 33. Kh2 Qxe8 34. Rxd8 Qxd8 35. Qxg6 Bf8 36. Qf7 Bg7 37. Qxa7 Qd4 38. Qf7 Qf6 39. Qe8+ Kh7 40. Kg2 Qf5 41. h5 Bd4 42. f3 Qc2+ 43. Kh3 Qf5+ 44. Kg2 Bg7 45. g4 Qc2+ 46. Kg3 Qb1 47. Kf4 Qc1+ 48. Kf5 Qc2+ 49. Ke6 Qe2+ 50. Kd7 Qxf3 51. Qg6+ Kh8 52. Kd6 Qf4+ 53. Kc6 Qf3+ 54. Kxc5 Bf8+ 55. Kb5 Qb7+ 0-1


[Site "https://www.chess.com"]

[Event "Titled Tuesday Blitz July 18 Early 2023"]
[White "Jiang, Andrew"]
[Black "Portela Peleteiro, Alberto"]
[WhiteFideId "30953510"]
[BlackFideId "22276106"]
[WhiteElo "2411"]
[BlackElo "2559"]
[Result "1-0"]
[Round "11"]
[TimeControl "180+2"]
[Date "2023.07.18"]
[WhiteClock "0:00:01"]
[BlackClock "0:00:00"]
[Board "68"]

1. e4 c5 2. c3 Nf6 3. e5 Nd5 4. Nf3 d6 5. Bb5+ Nc6 6. d4 cxd4 7. c4 Nb6 8. Nxd4 Bd7 9. exd6 Nxd4 10. Qxd4 Bxb5 11. cxb5 Qxd6 12. Qxd6 exd6 13. Nc3 Be7 14. O-O O-O 15. Bf4 d5 16. Be3 Rfd8 17. Rfd1 Bf6 18. Bxb6 axb6 19. Nxd5 Bxb2 20. Rab1 Bf6 21. Nxb6 Rxd1+ 22. Rxd1 Rxa2 23. Nd5 Bd4 24. Ne3 Bb6 25. Rd6 Ra1+ 26. Nf1 Bc5 27. Rd8+ Bf8 28. Rb8 g6 29. Rxb7 Bc5 30. Rc7 Bd4 31. Rd7 Rd1 32. Rc7 Rb1 33. Rd7 Bc5 34. Rb7 Kg7 35. g3 h5 36. Kg2 Rb2 37. Rc7 Bxf2 38. Kf3 Bb6 39. Rc6 Rxb5 40. h4 Rf5+ 41. Ke2 Bd4 42. Nd2 Rf2+ 43. Kd3 Be5 44. Ne4 Rf3+ 45. Ke2 Ra3 46. Kf2 f5 47. Ng5 Bxg3+ 48. Kg2 Bxh4 49. Rc7+ Kf6 50. Nh7+ Ke5 51. Nf8 Ra6 52. Rb7 f4 53. Kf3 g5 54. Rb5+ Kf6 55. Nd7+ Ke7 56. Ne5 Ra3+ 57. Ke4 Re3+ 58. Kf5 Rxe5+ 59. Rxe5+ Kf7 60. Rb5 f3 61. Rb7+ Ke8 62. Rb1 f2 63. Rf1 g4 64. Kf4 Kf7 65. Ke3 Kg6 66. Kf4 Kf6 67. Rh1 Bg5+ 68. Kg3 Be3 69. Kg2 Kg5 70. Rf1 h4 71. Ra1 h3+ 72. Kg3 Bd4 73. Ra5+ Kg6 74. Ra6+ Kf5 75. Ra5+ Ke4 76. Ra2 1-0


[Site "https://www.chess.com"]

[Event "Titled Tuesday Blitz July 18 Early 2023"]
[White "LLariMarc"]
[Black "Ganiev, Roman"]
[BlackFideId "4131452"]
[WhiteElo "2299"]
[BlackElo "2555"]
[Result "0-1"]
[Round "11"]
[TimeControl "180+2"]
[Date "2023.07.18"]
[WhiteClock "0:02:09"]
[BlackClock "0:01:10"]
[Board "69"]

1. d4 Nf6 2. Nf3 e6 3. Bg5 d5 4. Nbd2 Be7 5. e3 h6 6. Bxf6 Bxf6 7. Bd3 c5 8. c3 cxd4 9. exd4 Nc6 10. Qe2 O-O 11. O-O a6 12. Rae1 Re8 13. Ne5 Bxe5 14. dxe5 d4 15. cxd4 Qxd4 16. Nf3 Qb4 17. Qe4 Qxe4 18. Bxe4 Bd7 19. Rd1 Red8 20. Rd6 Be8 21. Rfd1 Rxd6 22. exd6 Rd8 23. Bxc6 Bxc6 24. Ne5 Bd5 25. Nd7 Rxd7 26. f4 Rxd6 27. Rd2 f5 28. Kf1 Kf7 29. Kf2 Ke7 30. Ke3 Rd7 31. g3 g5 32. Rc2 Bc6 33. a3 Be4 34. Rc8 Rd3+ 35. Ke2 Rb3 36. Rh8 gxf4 37. gxf4 Rxb2+ 38. Ke3 Rxh2 39. Kd4 Rd2+ 40. Kc5 Rd5+ 41. Kb6 Rb5+ 42. Ka7 e5 43. fxe5 f4 44. Rxh6 f3 45. Rf6 Rxe5 46. Rf4 Bc6 47. a4 Ke6 48. a5 Rxa5 49. Kb6 Rf5 50. Rh4 f2 51. Rh6+ Rf6 52. Rh3 f1=Q 53. Re3+ Kd7 54. Ka7 Qf2 55. Kb8 Rf8+ 56. Ka7 Qxe3# 0-1


[Site "https://www.chess.com"]

[Event "Titled Tuesday Blitz July 18 Early 2023"]
[White "Gabdushev, Ruslan"]
[Black "Goltsev, Dmitry"]
[WhiteFideId "4137833"]
[BlackFideId "24176710"]
[WhiteElo "2435"]
[BlackElo "2707"]
[Result "0-1"]
[Round "11"]
[TimeControl "180+2"]
[Date "2023.07.18"]
[WhiteClock "0:00:07"]
[BlackClock "0:02:04"]
[Board "70"]

1. b3 Nf6 2. Bb2 g6 3. Bxf6 exf6 4. e3 f5 5. g3 Bg7 6. d4 O-O 7. Bg2 d5 8. Ne2 c6 9. O-O Nd7 10. c4 Nf6 11. Nbc3 Ne4 12. cxd5 cxd5 13. Rc1 g5 14. Qd3 a6 15. b4 Be6 16. Na4 Qe7 17. a3 Rac8 18. Nb6 Rxc1 19. Rxc1 Qd6 20. Na4 Bd7 21. Nc5 Bb5 22. Qd1 b6 23. Nxe4 fxe4 24. Nc3 Bc4 25. Bf1 f5 26. Bxc4 dxc4 27. Qe2 b5 28. Qb2 Qe6 29. a4 f4 30. axb5 f3 31. Kf1 Qh3+ 32. Ke1 Qxh2 33. Nd1 axb5 34. Qa2 Bxd4 35. exd4 e3 36. Nxe3 Qg1+ 37. Nf1 Re8+ 0-1


[Site "https://www.chess.com"]

[Event "Titled Tuesday Blitz July 18 Early 2023"]
[White "Begmuratov, Alisher"]
[Black "Ansh M Shah"]
[WhiteFideId "14203367"]
[BlackFideId "25033379"]
[WhiteElo "2643"]
[BlackElo "2497"]
[Result "1-0"]
[Round "11"]
[TimeControl "180+2"]
[Date "2023.07.18"]
[WhiteClock "0:02:04"]
[BlackClock "0:01:06"]
[Board "71"]

1. b3 g6 2. Bb2 Nf6 3. g3 Bg7 4. d4 b6 5. Bg2 c6 6. Nf3 Bb7 7. O-O O-O 8. c4 e6 9. c5 d6 10. cxd6 Qxd6 11. Nc3 Rd8 12. e4 Qe7 13. e5 Nd5 14. Ne4 Nd7 15. Nd6 Ba6 16. Re1 Nxe5 17. dxe5 Nb4 18. Ba3 Nd3 19. Re3 Nc5 20. Bxc5 bxc5 21. Qc2 Qf8 22. Qxc5 Rxd6 23. exd6 Bxa1 24. Qxc6 Qc8 25. Ne5 Qxc6 26. Nxc6 Kf8 27. Nb4 Rd8 28. Nxa6 Rxd6 29. Re1 Bc3 30. Rc1 Rxa6 31. Rxc3 Rxa2 32. Bc6 a5 33. Ba4 Ra1+ 34. Kg2 Rd1 35. Rc5 Rd5 36. Rxd5 exd5 37. Kf3 Ke7 38. Ke3 Kd6 39. Kd4 f6 40. Be8 g5 41. Bf7 h5 42. Bxh5 f5 43. Bf3 1-0


[Site "https://www.chess.com"]

[Event "Titled Tuesday Blitz July 18 Early 2023"]
[White "Der_Balak_3Halak"]
[Black "Galiot, Goran"]
[BlackFideId "931560"]
[WhiteElo "2492"]
[BlackElo "2623"]
[Result "1-0"]
[Round "11"]
[TimeControl "180+2"]
[Date "2023.07.18"]
[WhiteClock "0:00:15"]
[BlackClock "0:00:00"]
[Board "72"]

1. c4 Nf6 2. Nc3 g6 3. g3 Bg7 4. Bg2 d6 5. e4 e5 6. d3 O-O 7. f4 exf4 8. gxf4 Nh5 9. Nf3 f5 10. e5 Re8 11. O-O dxe5 12. fxe5 f4 13. d4 Nc6 14. Re1 Bg4 15. Nd5 Rf8 16. Re4 Bf5 17. Re2 Be6 18. Rd2 Bxd5 19. cxd5 Qxd5 20. Ng5 Qd7 21. Qb3+ Kh8 22. Qxb7 f3 23. Bh3 Qe7 24. Nxf3 Na5 25. Qe4 Rf4 26. Qxa8+ Rf8 27. Qe4 Nf4 28. Bf1 c5 29. Rf2 g5 30. Bd2 Nc6 31. Qxc6 cxd4 32. Qe4 Qe6 33. Nxg5 Qg4+ 34. Rg2 1-0


[Site "https://www.chess.com"]

[Event "Titled Tuesday Blitz July 18 Early 2023"]
[White "Sathish, Pranav"]
[Black "Zaragatski, Ilja"]
[WhiteFideId "30967538"]
[BlackFideId "4655192"]
[WhiteElo "2474"]
[BlackElo "2593"]
[Result "0-1"]
[Round "11"]
[TimeControl "180+2"]
[Date "2023.07.18"]
[WhiteClock "0:00:41"]
[BlackClock "0:00:07"]
[Board "73"]

1. Nf3 Nf6 2. b3 c5 3. Bb2 e6 4. c4 Be7 5. e3 O-O 6. Be2 b6 7. O-O Bb7 8. Nc3 d6 9. d4 Nbd7 10. Rc1 a6 11. a4 Ne4 12. Nxe4 Bxe4 13. Bd3 Nf6 14. Bxe4 Nxe4 15. d5 Qd7 16. Qd3 exd5 17. Qxd5 Qe6 18. Rfd1 Rad8 19. Qb7 f5 20. Qxa6 g5 21. Qb7 g4 22. Ne1 f4 23. Qd5 Qxd5 24. Rxd5 fxe3 25. fxe3 Bg5 26. Nc2 Rf7 27. Rf1 Rdf8 28. Rxf7 Rxf7 29. Bc3 Kf8 30. Be1 Ke7 31. Rd3 h5 32. h4 Bf6 33. g3 Be5 34. b4 Rf3 35. a5 bxa5 36. bxa5 Bxg3 37. Bxg3 Rxg3+ 38. Kh2 Rh3+ 39. Kg2 Rg3+ 40. Kh2 Rf3 41. Kg1 Rf2 42. a6 Rxc2 43. Ra3 Rc1+ 44. Kg2 Rc2+ 45. Kg1 Nd2 46. a7 Nf3+ 47. Kf1 g3 0-1


[Site "https://www.chess.com"]

[Event "Titled Tuesday Blitz July 18 Early 2023"]
[White "WindWhistler11"]
[Black "Golubev, Mikhail"]
[BlackFideId "14100983"]
[WhiteElo "2473"]
[BlackElo "2590"]
[Result "0-1"]
[Round "11"]
[TimeControl "180+2"]
[Date "2023.07.18"]
[WhiteClock "0:00:05"]
[BlackClock "0:00:03"]
[Board "74"]

1. a3 g6 2. g3 Bg7 3. Bg2 Nf6 4. d3 O-O 5. b4 e5 6. Bb2 Re8 7. c4 c6 8. Nd2 d5 9. Qc2 a5 10. e3 axb4 11. axb4 Rxa1+ 12. Bxa1 Na6 13. Qb3 d4 14. e4 c5 15. b5 Qa5 16. Bb2 Bh6 17. Nf3 Bg4 18. Bc1 Nb8 19. O-O Nbd7 20. h3 Bxf3 21. Nxf3 Bxc1 22. Rxc1 Ra8 23. h4 Kg7 24. Bh3 h5 25. Qd1 Ng4 26. Bxg4 hxg4 27. Nh2 f5 28. h5 Nf6 29. hxg6 Kxg6 30. exf5+ Kxf5 31. Qe2 Rh8 32. Re1 Qc7 33. f3 Qd6 34. fxg4+ Kg6 35. Nf3 Nd7 36. Nh4+ Kf7 37. Rf1+ Ke8 38. Qf3 Kd8 39. Qxb7 e4 40. Nf5 Qe5 41. Qa8+ Kc7 42. Qxe4 Qxe4 43. dxe4 Ne5 44. Rb1 Nxc4 45. Ng7 d3 46. Ne6+ Kd6 47. Nf4 d2 48. Nd5 Rb8 49. Kf2 Ke5 50. Ke2 Kxe4 51. Nc3+ Kd4 52. g5 Re8+ 53. Kf2 Kxc3 54. g6 Kc2 55. b6 Kxb1 56. g7 d1=Q 57. Kg2 Qe1 58. Kh3 Qe6+ 59. g4 Qh6+ 60. Kg3 Qxg7 0-1


[Site "https://www.chess.com"]

[Event "Titled Tuesday Blitz July 18 Early 2023"]
[White "Martin Barcelo, Carles"]
[Black "Al-Tarboush, Ward"]
[WhiteFideId "24561444"]
[BlackFideId "7601450"]
[WhiteElo "2469"]
[BlackElo "2587"]
[Result "1-0"]
[Round "11"]
[TimeControl "180+2"]
[Date "2023.07.18"]
[WhiteClock "0:00:51"]
[BlackClock "0:00:14"]
[Board "75"]

1. e4 c5 2. Nc3 Nc6 3. a3 e6 4. Nf3 g6 5. d4 cxd4 6. Nxd4 Bg7 7. Ndb5 Bxc3+ 8. Nxc3 Nge7 9. Bh6 b6 10. Qd6 Bb7 11. O-O-O Nc8 12. Qf4 d6 13. Bc4 Qc7 14. Qf6 Rg8 15. Bxe6 Qe7 16. Nd5 Qxf6 17. Nxf6+ Ke7 18. Nxg8+ Kxe6 19. Bg5 b5 20. h4 Nb6 21. Nh6 b4 22. axb4 Nxb4 23. Bf4 Rd8 24. Rd4 Nc6 25. Rd2 Nc4 26. Rd3 N6e5 27. Bxe5 Nxe5 28. Rd4 Rc8 29. Rhd1 Rc6 30. f4 Nc4 31. f5+ Ke5 32. Ng4+ Kf4 33. e5+ Kxf5 34. exd6 h5 35. Rxc4 Rxc4 36. Ne3+ 1-0


[Site "https://www.chess.com"]

[Event "Titled Tuesday Blitz July 18 Early 2023"]
[White "Tanmay Jain"]
[Black "NicolaiMaxime"]
[WhiteFideId "45015481"]
[WhiteElo "2458"]
[BlackElo "2580"]
[Result "0-1"]
[Round "11"]
[TimeControl "180+2"]
[Date "2023.07.18"]
[WhiteClock "0:00:51"]
[BlackClock "0:02:02"]
[Board "76"]

1. d4 Nf6 2. Nf3 b6 3. g3 Bb7 4. Bg2 e6 5. O-O Be7 6. c4 O-O 7. Nc3 Ne4 8. Qc2 Nxc3 9. Qxc3 c5 10. Rd1 d6 11. b3 Nc6 12. Bb2 Bf6 13. e3 Qc7 14. a3 e5 15. Qd2 e4 16. Ne1 Rae8 17. dxc5 dxc5 18. Bxf6 gxf6 19. Qd6 Qxd6 20. Rxd6 Rd8 21. Rxd8 Rxd8 22. Rd1 0-1


[Site "https://www.chess.com"]

[Event "Titled Tuesday Blitz July 18 Early 2023"]
[White "Mogirzan, Matei-Valeriu"]
[Black "Begunov, Konstantin"]
[WhiteFideId "1257455"]
[BlackFideId "4118510"]
[WhiteElo "2559"]
[BlackElo "2468"]
[Result "1-0"]
[Round "11"]
[TimeControl "180+2"]
[Date "2023.07.18"]
[WhiteClock "0:01:32"]
[BlackClock "0:00:18"]
[Board "77"]

1. e4 c5 2. Nf3 d6 3. d4 cxd4 4. Nxd4 Nf6 5. Nc3 a6 6. Bc4 e6 7. Bb3 Be7 8. g4 h6 9. Be3 Nc6 10. f3 Na5 11. Qe2 Nxb3 12. axb3 Nd7 13. O-O-O Qc7 14. Nf5 exf5 15. Nd5 Qd8 16. gxf5 Nf6 17. Bb6 Nxd5 18. Bxd8 Nf4 19. Qd2 Kxd8 20. h4 Nh5 21. e5 Bxf5 22. exd6 Bf6 23. Qa5+ Ke8 24. Qxf5 Ng3 25. Rhe1+ Kf8 26. Qg4 1-0


[Site "https://www.chess.com"]

[Event "Titled Tuesday Blitz July 18 Early 2023"]
[White "Ezat, Mohamed"]
[Black "Bendayan Claros, Aaron"]
[WhiteFideId "10600906"]
[BlackFideId "3803392"]
[WhiteElo "2542"]
[BlackElo "2456"]
[Result "1-0"]
[Round "11"]
[TimeControl "180+2"]
[Date "2023.07.18"]
[WhiteClock "0:00:09"]
[BlackClock "0:00:05"]
[Board "78"]

1. d4 d5 2. c4 e6 3. Nc3 c6 4. e4 dxe4 5. Nxe4 Bb4+ 6. Bd2 Bxd2+ 7. Qxd2 Nf6 8. Nxf6+ Qxf6 9. Nf3 O-O 10. O-O-O Nd7 11. Qe3 b5 12. c5 a5 13. Bd3 Rd8 14. Be4 Bb7 15. Ne5 Rac8 16. f4 Qh6 17. g4 Qh4 18. g5 Nxe5 19. dxe5 Rxd1+ 20. Rxd1 b4 21. Qg3 Qh5 22. Qf3 Qh4 23. b3 h6 24. Qg3 Qh5 25. g6 fxg6 26. Rd7 Qe2 27. Bxg6 Ba6 28. Bh7+ 1-0


[Site "https://www.chess.com"]